Unix NetHack Version 5.0.0-0 post-release - last build Jul 19 2026 19:10:59 (3aa4ab31751d3886436d94b585a96704892fd477,branch:main).

Game began 2026-07-24 14:56:28, ended 2026-07-24 17:31:31.

LDaviesPeters, neutral female human Archeologist

                                         -------
                                         |..|..-----
                          ----------------.%.......|
                          |.^^..........^..-...|...|
                          |+------------.....-.---.|
                          |.........|  --.|..`j@...|
                          |.........|   |.--.`----.|
                          |.........|   |..|.......|
                          |.........|   |-*........|
                          |....<....|   |.`.|...|..|
                          |.........|   |.-`-----..|
                          |.........|   |......`...|
                          |.........|   -------->.--
                          -----------          ----

LDaviesPeters the Field Worker  St:16 Dx:9 Co:11 In:15 Wi:18 Ch:10  Neutral
Dlvl:4  $:0  HP:0(36) Pw:23(23) AC:8  Xp:5 T:4058 

Latest messages:
 With great effort you move the boulder.
 You see here 9 rocks.
 With great effort you move the boulder.
 The boulder suddenly rolls away from you!
 You hear a boulder fall.
 With great effort you move the boulder.
 You see here a food ration.
 You see here a food ration.
 With great effort you move the boulder.
 With great effort you move the boulder.
 The boulder suddenly rolls away from you!
 You hear a boulder fall.
 With great effort you move the boulder.
 You see here a food ration.
 You see here a food ration.
 With great effort you move the boulder.
 With great effort you move the boulder.
 The boulder suddenly rolls away from you!
 You hear a boulder fall.
 With great effort you move the boulder.
 You see here a food ration.
 You see here a food ration.
 With great effort you move the boulder.
 With great effort you move the boulder.
 The boulder suddenly rolls away from you!
 You hear a boulder fall.
 You feel strong!
 You must have been exercising diligently.
 You feel tough!
 You must have been leading a healthy life-style.
 You try to move the boulder, but in vain.
 You are empty handed.
 a - a blessed +2 bullwhip (alternate weapon; not wielded).
 What do you want to zap? [xG or ?*] ?
 What do you want to zap? [xG or ?*] <space>
 Never mind.
 What do you want to throw? [asz or ?*] ?
 In what direction? 4
 The dagger hits the blue jelly.
 What do you want to throw? [az or ?*] z
 In what direction? 4
 The runed dagger hits the blue jelly.
 You begin bashing monsters with your gloved hands.
 You hit the blue jelly.
 The immobile blue jelly seems to flinch.
 You are suddenly very cold!
 You hit the blue jelly.
 You are suddenly very cold!
 You die...
 Do you want your possessions identified? [ynq] (y) q

Inventory:
 Amulets  ('"')
  n - a cursed amulet of strangulation named Curssed
 Weapons  (')')
  a - a blessed +2 bullwhip (alternate weapon; not wielded)
 Armor    ('[')
  c - an uncursed +0 fedora (being worn)
  l - an uncursed +0 pair of leather gloves (being worn)
  h - an uncursed +0 leather jacket (being worn)
 Comestibles  ('%')
  d - 8 uncursed food rations
  m - 2 uncursed fortune cookies
 Scrolls  ('?')
  F - 2 uncursed scrolls of earth
 Rings    ('=')
  E - an uncursed ring of protection from shape changers
  C - an uncursed ring of regeneration
  I - an uncursed ring of stealth
 Wands    ('/')
  G - a wand of light (0:12)
  x - a wand of sleep (0:3)
 Tools    ('(')
  b - an uncursed sack containing 2 items
  B - an uncursed blindfold
  i - a magic marker (0:19)
  p - a +0 pick-axe
  f - a tinning kit (0:50)
 Gems/Stones  ('*')
  o - an uncursed aquamarine stone
  q - an uncursed worthless piece of yellow glass
  g - an uncursed touchstone

Contents of the sack:
  30 gold pieces
  an uncursed potion of invisibility

LDaviesPeters the Archeologist's attributes:

Background:
 You were a Field Worker, a level 5 female human Archeologist.
 You were neutral, on a mission for Camaxtli
 who was opposed by Quetzalcoatl (lawful) and Huhetotl (chaotic).
 You were right-handed.
 You were in Sokoban, on level 4.
 You entered the dungeon 4058 turns ago.
 You had 186 experience points, 134 more were needed to attain level 6.

Basics:
 You had 0 out of 36 hit points.
 You had all 23 energy points (spell power).
 Your armor class was 8.
 Your wallet was empty, but
 you had 30 zorkmids stashed away in your pack.
 Autopickup was off.

Final Characteristics:
 Your strength was 16 (limit:18/100).
 Your dexterity was 9 (limit:18).
 Your constitution was 11 (limit:18).
 Your intelligence was 15 (limit:18).
 Your wisdom was 18 (limit:18).
 Your charisma was 10 (limit:18).

Final Status:
 You weren't hungry.
 You were unencumbered.
 You were empty handed.
 You were unskilled in bare handed combat.

Final Attributes:
 You were piously aligned.
 You had automatic searching.
 You were stealthy.
 You are dead.

Miscellaneous:
 You didn't encounter any bones levels.
 Total elapsed playing time was 1 hour, 14 minutes and 22 seconds.

Major events:
 Turn
    1: LDaviesPeters the neutral female human Archeologist entered the dungeon
  963: attained the rank of Field Worker (level 3)
 2379: entered the Gnomish Mines
 3186: entered Sokoban
 3510: completed 1st Sokoban level
 4058: killed by a blue jelly

You didn't know any spells.

Skills:
 Fighting Skills
   bare handed combat [Unskilled]
   two weapon combat  [Unskilled]
   riding             [Unskilled]
 Weapon Skills
   dagger             [Unskilled]
   knife              [Unskilled]
   pick-axe           [Basic]
   short sword        [Unskilled]
   saber              [Unskilled]
   club               [Unskilled]
   quarterstaff       [Unskilled]
   sling              [Unskilled]
   dart               [Unskilled]
   boomerang          [Unskilled]
   whip               [Skilled]
   unicorn horn       [Unskilled]
 Spellcasting Skills
   attack spells      [Unskilled]
   healing spells     [Unskilled]
   divination spells  [Unskilled]
   matter spells      [Unskilled]

Voluntary challenges:
 Character rerolling was not enabled.
 You never genocided any monsters.
 You never polymorphed an object.
 You never changed form.
 You used no wishes.
 You violated the special Sokoban rules once.
Achievements:
 You entered a shop.
 You attained the rank of Field Worker.
 You entered the Gnomish Mines.
 You entered Sokoban.

 The Dungeons of Doom: levels 1 to 7
    Level 1:
    Level 2:
       A general store, a fountain, a sink.
    Level 3:
       A potion shop, some fountains.
    Level 4:
       Stairs down to The Gnomish Mines.
    Level 5:
    Level 6:
       A fountain.
       Stairs up to Sokoban, level 5.
    Level 7:
 The Gnomish Mines:
    Level 5:
 Sokoban: levels 5 up to 4
    Level 4: <- You were here.
       Unsolved.
       Final resting place for
          you, killed by a blue jelly.
    Level 5:
       Solved.


Vanquished creatures:
 an imp
  a rock mole
  a fog cloud
  a shrieker
 an elf zombie
  a floating eye
  2 homunculi
  a rabid rat
  a monkey
 an acid blob
  2 coyotes
  3 hobbits
  a large kobold
  a yellow mold
  a red mold
  a gnome
  a gnome zombie
  7 geckos
  8 jackals
  a fox
  2 goblins
  a sewer rat
  8 grid bugs
  4 lichens
  2 kobold zombies
  5 newts
59 creatures vanquished.

No species were genocided or became extinct.

Game over:
                       ----------
                      /          \
                     /    REST    \
                    /      IN      \
                   /     PEACE      \
                  /                  \
                  |  LDaviesPeters   |
                  |      30 Au       |
                  | killed by a blue |
                  |      jelly       |
                  |                  |
                  |                  |
                  |       2026       |
                 *|     *  *  *      | *
        _________)/\\_//(\/(/\)/\//\/|_)_______

Goodbye LDaviesPeters the Archeologist...

You died in Sokoban on dungeon level 4 with 1081 points,
and 30 pieces of gold, after 4058 moves.
You were level 5 with a maximum of 36 hit points when you died.

